 Dungeon Crawl Stone Soup version bcrawl-1.13.5 (webtiles) character file.

Game seed: 4457537229619013901

1866 Anmu the Destroyer (level 9, -12/51 HPs)
             Began as a Fairy Conjurer on Sept 1, 2019.
             Was an Initiate of Sif Muna.
             Mangled by a four-headed hydra (15 damage)
             ... on level 7 of the Dungeon.
             The game lasted 00:11:42 (5231 turns).

Anmu the Destroyer (Fairy Conjurer)                 Turns: 5231, Time: 00:11:43

Health: -12/51     AC:  3    Str: 11    XL:     9   Next: 13%
Magic:  32/32      EV: 21    Int: 21    God:    Sif Muna [......]
Gold:   523        SH:  6    Dex: 14    Spells: 21/25 levels left

rFire    + . .     SeeInvis .   l - +7 falchion "Cechiux" {venom, rElec rC+}
rCold    + . .     Gourm    .   (shield restricted)
rNeg     . . .     Faith    .   (armour unavailable)
rPois    .         Spirit   .   (no helmet)
rElec    +         Reflect  .   (no cloak)
rCorr    .         Harm     .   (no gloves)
MR       .....     NoCast   +   u - -4 pair of boots of Tierimou {-Cast +Inv Str+5}
Stlth    +.........             (no amulet)
HPRegen  0.17/turn              f - ring of protection from fire
MPRegen  0.23/turn              m - ring of magical power

@: flying evasively, very slightly contaminated
A: small, magic attunement, unstealthy, unfitting armour, able to fly, AC/SH +6
a: Stop Flying, Divine Energy, Renounce Religion, Evoke Invisibility


You were on level 7 of the Dungeon.
You worshipped Sif Muna.
Sif Muna was noncommittal.
You were hungry.

You visited 2 branches of the dungeon, and saw 8 of its levels.

You collected 523 gold pieces.

Inventory:

Hand Weapons
 l - the +7 falchion "Cechiux" (weapon) {venom, rElec rC+}
   (You took it off an orc wizard on level 6 of the Dungeon)

   It poisons the flesh of those it strikes.
   It protects you from cold.
   It insulates you from electricity.
Armour
 i - a +0 pair of boots
 u - the -4 pair of boots of Tierimou (worn) {-Cast +Inv Str+5}
   (You found it on level 6 of the Dungeon)

   It affects your strength (+5).
   It lets you turn invisible.
   It prevents spellcasting.
Jewellery
 f - a ring of protection from fire (left hand)
 m - a ring of magical power (right hand)
Wands
 e - a wand of scattershot (3)
 o - a wand of polymorph (12)
 q - a wand of iceblast (6)
Scrolls
 a - 2 scrolls of remove curse
 c - 3 scrolls of amnesia
 g - a scroll of fear
 h - 4 scrolls of identify
 r - a scroll of teleportation
 s - 2 scrolls of fog
Potions
 d - 2 potions of ambrosia
 k - a potion of heal wounds
 n - a potion of agility {unknown}
 p - a potion of berserk rage
 v - a potion of resistance
 x - a potion of curing
 z - a potion of mutation {unknown}
Comestibles
 b - 11 rations {!d}


   Skills:
 * Level 7.3 Dodging
 + Level 2.0 Stealth
 + Level 8.9 Spellcasting
 + Level 10.0 Conjurations


You had 21 spell levels left.
You knew the following spells:

 Your Spells              Type           Power        Failure   Level  Hunger
a - Magic Dart            Conj           ####         1%          1    None
b - Iskenderun's Mystic   Conj           ######..     1%          3    None

Your spell library contained the following spells:

 Spells                   Type           Power        Failure   Level  Hunger
 Searing Ray              Conj           ######       1%          2    None
 Fulminant Prism          Conj/Hex       ####......   10%         4    None
 Irradiate                Conj/Tmut      ####......   26%         5    None


Dungeon Overview and Level Annotations

Branches:
Dungeon (7/12)             Temple (1/1) D:6
   Lair: D:7-9

Altars:
Ashenzari
Cheibriados
Elyvilon
Fedhas
Hepliaklqana
Lugonu
Makhleb
Nemelex Xobeh
Okawaru
Qazlal
Ru
Sif Muna
Trog
Uskayaw
Vehumet
Wu Jian
Xom
Yredelemnul
Zin
The Shining One


Innate Abilities, Weirdness & Mutations

Your spells do not cause hunger and MP costs are reduced by 1.
Your bright wings attract enemies. (Stealth-)
You cannot fit into any form of body armour.
Your shimmering scales are hard and can block incoming attacks. (AC +6, SH +6)
You are small and have problems with some larger weapons.
You can fly continuously.


Message History

Okay, then.
Wear which item? (? for menu, Esc to quit)
You block the adder's attack.
Keep disrobing?
You start removing your armour.
You continue taking off the -4 pair of boots of Tierimou {-Cast +Inv Str+5}.
Magic restored.
The adder misses you.
You continue taking off the -4 pair of boots of Tierimou {-Cast +Inv Str+5}.
The four-headed hydra bites you!
The four-headed hydra barely misses you.
The four-headed hydra bites you.
The four-headed hydra barely misses you.
You continue taking off the -4 pair of boots of Tierimou {-Cast +Inv Str+5}.
The four-headed hydra bites you!
* * * LOW HITPOINT WARNING * * *
The four-headed hydra bites you.
* * * LOW HITPOINT WARNING * * *
The four-headed hydra bites you but does no damage.
The four-headed hydra bites you!
You die...

#.####### #....@DS#
.###########.#
...........##.#####
............##.D.D!#
............######.#
#..........######.#
#..........##..D..#
#.$........##)#####
#........=)'))..#


You could see a four-headed hydra and an adder.

Vanquished Creatures
  Menkaure (D:6)
  A water moccasin (D:6)
  Duvessa (D:6)
  A sky beast (D:5)
  A necrophage (D:6)
  2 centaurs
  3 ogres
  Dowan (D:6)
  2 crimson imps
  A centaur zombie (D:3)
  A hound (D:4)
  A bullfrog skeleton (D:4)
  2 orc priests
  10 orc wizards
  Ijyb (D:3)
  5 worker ants
  A howler monkey skeleton (D:3)
  8 adders
  A shadow imp (D:4)
  3 oozes
  An adder skeleton (D:5)
  6 worms
  4 leopard geckos
  27 orcs
  5 giant cockroaches
  5 hobgoblins
  11 jackals
  5 quokkas
  A ball python (D:6)
  6 bats
  2 frilled lizards
  16 goblins
  6 kobolds
  6 rats
148 creatures vanquished.

Notes
Turn   | Place    | Note
-------+----------+-------------------------------------------
     0 | D:1      | Anmu the Fairy Conjurer began the quest for the Orb.
     0 | D:1      | Reached XP level 1. HP: 11/11 MP: 6/6
   168 | D:1      | Reached skill level 5 in Conjurations
   492 | D:1      | Reached XP level 2. HP: 17/17 MP: 7/7
   996 | D:2      | Reached XP level 3. HP: 18/21 MP: 9/9
  1054 | D:2      | Learned a level 3 spell: Iskenderun's Mystic Blast
  1055 | D:2      | Reached XP level 4. HP: 27/27 MP: 5/10
  1057 | D:2      | Reached skill level 6 in Conjurations
  1310 | D:2      | Reached XP level 5. HP: 31/31 MP: 7/12
  1958 | D:3      | Reached XP level 6. HP: 36/36 MP: 3/14
  2106 | D:3      | Reached skill level 7 in Conjurations
  2204 | D:3      | Noticed Ijyb
  2211 | D:3      | Killed Ijyb
  2415 | D:3      | Found a sacrificial altar of Ru.
  2707 | D:4      | Reached skill level 5 in Spellcasting
  2788 | D:4      | Reached XP level 7. HP: 40/41 MP: 8/16
  2824 | D:4      | Reached skill level 5 in Dodging
  2968 | D:4      | Reached skill level 8 in Conjurations
  3033 | D:4      | Found a glowing silver altar of Zin.
  3327 | D:5      | Entered Level 5 of the Dungeon
  3484 | D:5      | Reached XP level 8. HP: 46/46 MP: 20/20
  4085 | D:6      | Reached skill level 9 in Conjurations
  4185 | D:6      | Identified the +7 falchion "Cechiux" {venom, rElec rC+}
  4330 | D:6      | Found an iron altar of Okawaru.
  4376 | D:6      | Noticed Menkaure
  4379 | D:6      | Killed Menkaure
  4470 | D:6      | Got a pair of smoking boots
  4478 | D:6      | Found a snail-covered altar of Cheibriados.
  4583 | D:6      | Noticed Duvessa
  4583 | D:6      | Noticed Dowan
  4585 | D:6      | Killed Duvessa
  4589 | D:6      | Killed Dowan
  4678 | D:6      | Reached XP level 9. HP: 51/51 MP: 23/23
  4689 | D:6      | Found a burning altar of Makhleb.
  4907 | D:6      | Found a staircase to the Ecumenical Temple.
  4915 | Temple   | Entered the Ecumenical Temple
  5055 | Temple   | Became a worshipper of Sif Muna the Loreminder
  5190 | D:7      | Reached skill level 10 in Conjurations
  5199 | D:7      | Noticed a four-headed hydra
  5206 | D:7      | Identified the cursed -4 pair of boots of Tierimou {-Cast
                  | +Inv Str+5} (You found it on level 6 of the Dungeon)
  5231 | D:7      | Mangled by a four-headed hydra

Skill      XL: |  1  2  3  4  5  6  7  8  9 |
---------------+----------------------------+-----
Conjurations   | 5 6 7 8 9 10 | 10.0
Dodging        | 3 4 5 6 7 |  7.3
Spellcasting   | 3 4 5 6 8 |  8.9
Stealth        | 2 |  2.0

Action                   |  1- 3 |  4- 6 |  7- 9 || total
-------------------------+-------+-------+-------++-------
Melee: Falchion          |       |       |     1 ||     1
 Cast: Magic Dart        |    45 |   140 |    85 ||   270
       Iskenderun's Myst |     1 |    40 |    54 ||    95
 Abil: Evoke Invisibilit |       |       |     1 ||     1
  Use: Potion            |     1 |       |     7 ||     8
       Scroll            |       |       |    13 ||    13
  Eat: Chunk             |       |     5 |     4 ||     9
       Ration            |       |       |     1 ||     1
Armor: Skin              |     2 |     8 |     6 ||    16
Dodge: Dodged            |    15 |    37 |    28 ||    80
Block: Other             |     2 |    10 |    13 ||    25
